 Dungeon Crawl Stone Soup version 0.29-a0-973-gac7da5f7f0 (webtiles) character file.

Game seed: 16773085161155001244

13 gelatine the Chopper (level 2, 0/22 HPs)
             Began as a Demonspawn Gladiator on July 31, 2022.
             Succumbed to a kobold's poison
             ... on level 1 of the Dungeon.
             The game lasted 00:01:21 (332 turns).

gelatine the Chopper (Demonspawn Gladiator)          Turns: 332, Time: 00:01:22

Health: 0/22       AC:  4    Str: 14    XL:     2   Next: 24%
Magic:  2/2        EV: 12    Int:  9    God:
Gold:   11         SH:  4    Dex: 14    Spells: 1/1 levels left

rFire   . . .      SeeInvis .   a - +0 war axe
rCold   . . .      Faith    .   (no shield)
rNeg    . . .      Spirit   .   b - +0 leather armour
rPois   .          Reflect  .   c - +0 helmet
rElec   .          Harm     .   (no cloak)
rCorr   .          Rampage  .   (no gloves)
Will    .....                   (no boots)
Stlth   +.........              (no amulet)
HPRegen 0.07/turn               (no ring)
MPRegen 0.08/turn               (no ring)

@: lethally poisoned (0 -> -2)
A: condensation shield
a: no special abilities


You were on level 1 of the Dungeon.
You visited 1 branch of the dungeon, and saw 1 of its levels.

You collected 11 gold pieces.

Inventory:

Hand Weapons
 a - a +0 war axe (weapon)
Missiles
 d - 2 throwing nets (quivered)
 e - a javelin
Armour
 b - a +0 leather armour (worn)
 c - a +0 helmet (worn)
Jewellery
 h - a ring of wizardry
Scrolls
 g - a scroll of identify {unknown}
 i - a scroll of teleportation {unknown}
 j - 2 scrolls of enchant armour {unknown}


   Skills:
 + Level 2.2 Fighting
 + Level 3.0 Axes
 + Level 1.8 Throwing
 + Level 2.8 Dodging
 + Level 0.2 Stealth


You had one spell level left.
You didn't know any spells.
Your spell library was empty.

Dungeon Overview and Level Annotations

Branches:
Dungeon (1/15)

Altars:


Innate Abilities, Weirdness & Mutations

A meltable shield of frost defends you. (SH +4)


Message History

There is an open door here.
A kobold comes into view. It is wielding a +0 dagger of venom.
The kobold shouts!
The kobold hits you but does no damage.
You are poisoned.
You hit the kobold but do no damage.
You feel very sick. The kobold misses you.
You closely miss the kobold.
You feel sick. The kobold closely misses you.
The kobold hits you but does no damage.
You are more poisoned.
You closely miss the kobold.
You feel very sick. You block the kobold's attack.
You barely miss the kobold.
You feel very sick.
The kobold hits you with a +0 dagger of venom.
You barely miss the kobold.
* * * LOW HITPOINT WARNING * * *
You feel very sick. The kobold closely misses you.
The kobold barely misses you.
You aren't carrying any potions.
You are too injured to fight recklessly!
Throw: 3 throwing nets
Press: ? - help, Shift-Dir - straight line, f - kobold
Aim: a kobold, wielding a +0 dagger of venom and quivering stones (51% to hit)
You throw a throwing net. The throwing net hits the kobold.
The kobold is caught in the net!
* * * LOW HITPOINT WARNING * * *
You feel sick.
The kobold struggles against the net.
You hit the kobold but do no damage.
* * * LOW HITPOINT WARNING * * *
You feel sick.
The kobold struggles against the net.
You slash the kobold!
You kill the kobold!
* * * LOW HITPOINT WARNING * * *
You feel sick.
As you read the scroll labelled QAIFAPNENI, it crumbles to dust.
You feel aware of your surroundings.
It was a scroll of magic mapping.
You die...

*,#...####.#.#....
#.#...............
#.#....#.#........
#.#....#.#....####
#.#.##.#.#....####
#.#.##>...........
#.#.##............
#)#.##.......#####
#@#.##.......####
#.#.##..........#
#.#.##..........#
#.#.............#
#.#†............#
#.#.............#
#.#.............#
#.#.##...^.######
#.#.##.....#


There were no monsters in sight!

Vanquished Creatures
  A dart slug (D:1)
  An endoplasm (D:1)
  3 hobgoblins (D:1)
  A quokka (D:1)
  A ball python (D:1)
  A bat (D:1)
  2 kobolds (D:1)
  A rat (D:1)
11 creatures vanquished.

Notes
Turn   | Place    | Note
-------+----------+-------------------------------------------
     0 | D:1      | gelatine the Demonspawn Gladiator began the quest for the
                  | Orb.
     0 | D:1      | Reached XP level 1. HP: 16/16 MP: 1/1
   267 | D:1      | Reached skill level 3 in Axes
   267 | D:1      | Gained mutation: A meltable shield of frost defends you.
                  | (SH +4) [demonic ancestry]
   267 | D:1      | Reached XP level 2. HP: 22/22 MP: 2/2
   331 | D:1      | HP: 1/22 [poisoned by a kobold]
   332 | D:1      | Succumbed to a kobold's poison

Illustrated notes

Levels and vault maps discovered:
D:1:      dpeg_arrival_erosion, layout_basic, minmay_tromino_v4_a

Skill      XL: |  1 |
---------------+----+-----
Axes           | 3 |  3.0
Fighting       | |  2.2
Throwing       | |  1.8
Dodging        | |  2.8
Stealth        | |  0.2

Action                   || total
-------------------------++-------
Melee: War axe           ||    22
Throw: Throwing net      ||     1
  Use: Scroll            ||     1
Armor: Leather armour    ||     6
Dodge: Dodged            ||    15
Block: Other             ||     1

Table legend: (Time is in decaauts)
 A = Elapsed time spent in this place.
 B = Non-inter-level travel time spent in this place.
 C = Inter-level travel time spent in this place.
 D = Time resting spent in this place.
 E = Time spent auto-exploring this place.
 F = Levels seen in this place.
 G = Mean time per level.
                   A        B        C        D        E       F      G
               +--------+--------+--------+--------+--------+-----+--------+
         Total |    339 |    339 |      0 |      0 |    233 |   1 |  339.0 |
       Dungeon |    339 |    339 |      0 |      0 |    233 |   1 |  339.0 |
               +--------+--------+--------+--------+--------+-----+--------+

Top non-repeatable levels by time:
     D:1: 339 daAuts
